 Dungeon Crawl Stone Soup version 0.28-a0-1199-gef9e1dbd39 (webtiles) character file.

Game seed: 7987303782308887884

50 fragbeetle the Poker (level 3, -1/28 HPs)
             Began as a Merfolk Gladiator on Dec 19, 2021.
             Slain by a worm (2 damage)
             ... on level 2 of the Dungeon.
             The game lasted 00:02:34 (1333 turns).

fragbeetle the Poker (Merfolk Gladiator)            Turns: 1333, Time: 00:02:35

Health: -1/28      AC:  4    Str: 16    XL:     3   Next: 79%
Magic:  3/3        EV: 13    Int:  7    God:
Gold:   58         SH:  0    Dex: 15    Spells: 2/2 levels left

rFire   . . .      SeeInvis .   a - +0 trident
rCold   . . .      Faith    .   (no shield)
rNeg    . . .      Spirit   .   b - +0 leather armour
rPois   .          Reflect  .   c - +0 helmet
rElec   .          Harm     .   (no cloak)
rCorr   .          Rampage  .   (no gloves)
Will    .....                   (no boots)
Stlth   +.........              (no amulet)
HPRegen 0.09/turn               (no ring)
MPRegen 0.08/turn               (no ring)

@: slowed, very slow
A: (nimble swimmer 2), mertail
a: no special abilities


You were on level 2 of the Dungeon.
You visited 1 branch of the dungeon, and saw 2 of its levels.

You collected 58 gold pieces.

Inventory:

Hand Weapons
 a - a +0 trident (weapon)
Missiles
 d - 3 throwing nets (quivered)
 l - 49 stones
 r - 9 poisoned darts
Armour
 b - a +0 leather armour (worn)
 c - a +0 helmet (worn)
Magical Staves
 q - a staff of air
Jewellery
 o - a ring of fire
Scrolls
 i - a scroll of magic mapping {unknown}
 j - 2 scrolls of identify {unknown}
 m - 2 scrolls of teleportation {unknown}
 p - a scroll of fear {unknown}
Potions
 e - a potion of lignification {unknown}
 f - a potion of haste {unknown}
 g - a potion of brilliance {unknown}
 h - a potion of curing {unknown}
 k - 2 potions of mutation {unknown}
 n - a potion of magic {unknown}


   Skills:
 + Level 2.9 Fighting
 + Level 5.1 Polearms
 - Level 2.0 Throwing
 + Level 0.9 Armour
 + Level 4.6 Dodging


You had 2 spell levels left.
You didn't know any spells.
Your spell library was empty.

Dungeon Overview and Level Annotations

Branches:
Dungeon (2/15)

Altars:

Annotations:
D:2 Jessica


Innate Abilities, Weirdness & Mutations

((You are quick and stealthy near water. (Stealth+, EV+, Speed+++)))
Your lower body shifts to a powerful aquatic tail in water.


Message History

The worm is heavily wounded.
The worm bites you.
You barely miss the worm.
The worm is moderately wounded.
You barely miss the worm.
The worm is moderately wounded.
The worm misses you.
Jessica shouts, "You're disturbing me!
I'll have to kill you!"
You barely miss the worm.
The worm is moderately wounded.
You hit the worm.
The worm is heavily wounded.
The worm barely misses you.
You barely miss the worm.
The worm is moderately wounded.
The worm bites you.
You hit the worm but do no damage.
The worm is moderately wounded.
You barely miss the worm.
The worm is moderately wounded.
The worm bites you!
Jessica casts a spell.
Jessica blinks!
You hit the worm but do no damage.
The worm is moderately wounded.
Jessica casts a spell.
Jessica seems to speed up.
Jessica completely misses you.
You closely miss Jessica.
Jessica points at you and mumbles some strange words.
You feel yourself slow down. Jessica completely misses you.
The worm closely misses you.
You hit Jessica but do no damage. Jessica hits you with a +0 dagger. x2
* * * LOW HITPOINT WARNING * * *
The worm barely misses you.
You closely miss Jessica. Jessica hits you with a +0 dagger.
* * * LOW HITPOINT WARNING * * *
Jessica points at you and mumbles some strange words.
You resist with some effort. The worm bites you.
You die...

.# ###...####.#
#########..##...#
###........<..#.#
....####...####.#
.#### ##### #.#
## ..# #.#####
....# #.....#
......###@..#
.......w@...#
#############


You could see a worm and Jessica (fast).

Vanquished Creatures
  A dart slug (D:1)
  5 ball pythons (D:1)
  4 endoplasms (D:1)
  2 giant cockroaches (D:1)
  2 goblins
  7 hobgoblins
  2 jackals (D:1)
  2 quokkas (D:2)
  9 bats
  2 frilled lizards (D:1)
  3 kobolds
  3 rats
42 creatures vanquished.

Notes
Turn   | Place    | Note
-------+----------+-------------------------------------------
     0 | D:1      | fragbeetle the Merfolk Gladiator began the quest for the
                  | Orb.
     0 | D:1      | Reached XP level 1. HP: 16/16 MP: 1/1
     6 | D:1      | Noticed an iguana
     6 | D:1      | Noticed an imperial myrmidon
     7 | D:1      | Noticed a centaur warrior
   275 | D:1      | Reached XP level 2. HP: 23/23 MP: 2/2
   539 | D:1      | Reached XP level 3. HP: 28/28 MP: 3/3
   698 | D:1      | Reached skill level 5 in Polearms
  1317 | D:2      | Noticed Jessica
  1333 | D:2      | HP: 1/28 [Jessica (4)]
  1333 | D:2      | Slain by a worm

Illustrated notes

Levels and vault maps discovered:
D:1:      onia_arrival_zoo_common, layout_basic, minmay_pentomino_p4
D:2:      layout_rooms, hellmonk_ecumenical_altar_zigzags, uniq_robin,
          uniq_jessica

Skill      XL: |  1  2  3 |
---------------+----------+-----
Polearms       | 5 |  5.1
Fighting       | |  2.9
Throwing       | |  2.0
Armour         | |  0.9
Dodging        | |  4.6

Action                   || total
-------------------------++-------
Melee: Trident           ||   125
 Stab: Sleeping          ||     2
Armor: Leather armour    ||    26
Dodge: Dodged            ||    80

Table legend: (Time is in decaauts)
 A = Elapsed time spent in this place.
 B = Non-inter-level travel time spent in this place.
 C = Inter-level travel time spent in this place.
 D = Time resting spent in this place.
 E = Time spent auto-exploring this place.
 F = Levels seen in this place.
 G = Mean time per level.
                   A        B        C        D        E       F      G
               +--------+--------+--------+--------+--------+-----+--------+
         Total |   1340 |   1301 |     39 |      0 |    978 |   2 |  670.0 |
       Dungeon |   1340 |   1301 |     39 |      0 |    978 |   2 |  670.0 |
               +--------+--------+--------+--------+--------+-----+--------+

Top non-repeatable levels by time:
     D:1: 1076 daAuts
     D:2: 264 daAuts
